 Dungeon Crawl Stone Soup version 0.29.0-13-gc9e81de378 (webtiles) character file.

Game seed: 14848987651319136811

49 sanka the Magician (level 4, -7/33 HPs)
             Began as a Djinni Conjurer on Sept 10, 2022.
             Mangled by Crazy Yiuf
             ... wielding a +4 quarterstaff of chaos
              (12 damage)
             ... on level 2 of the Dungeon.
             The game lasted 00:01:26 (2371 turns).

sanka the Magician (Djinni Conjurer)                Turns: 2371, Time: 00:01:27

Health: -7/33      AC:  2    Str:  6    XL:     4   Next: 1%
Gold:   93         EV: 17    Int: 21    God:
                   SH:  0    Dex: 12

rFire   + + .      SeeInvis .   (no weapon)
rCold   x . .      Faith    .   (no shield)
rNeg    . . .      Spirit   .   a - +0 robe
rPois   ∞          Reflect  .   (no helmet)
rElec   .          Harm     .   (no cloak)
rCorr   .          Rampage  .   (no gloves)
Will    .....                   (boots unavailable)
Stlth   ++........              (no amulet)
HPRegen 0.11/turn               (no ring)
MPRegen 0.00/turn               (no ring)

@: agile, flying, very slightly contaminated
A: sickness immunity, fire resistance 2, cold vulnerability 1, float, innate
caster, HP casting, extra vitality 1
a: no special abilities


You were on level 2 of the Dungeon.
You visited 1 branch of the dungeon, and saw 2 of its levels.

You collected 93 gold pieces.


Innate Abilities, Weirdness & Mutations

You are immune to sickness and miasma.
You are immune to poison.
Your flesh is very heat resistant. (rF++)
You are vulnerable to cold. (rC-)
You float through the air rather than walking.
You learn spells naturally, not from books.
Your magical power is your life essence.
You have superior vitality. (+4 MHP)


   Skills:
 + Level 2.1 Fighting
 - Level 2.1 Dodging
 - Level 1.5 Stealth
 + Level 3.7 Spellcasting


You couldn't memorise any spells.
You knew the following spells:

 Your Spells              Type           Power      Damage    Failure   Level
c - Iskenderun's Mystic   Conj/Tloc      19%        2d6       26%         4
u - Slow                  Hex            76%        N/A       2%          1
x - Searing Ray           Conj           38%        2d5       4%          2
y - Dazzling Flash        Conj/Hex       38%        N/A       8%          3
z - Magic Dart            Conj           76%        1d6       2%          1
Z - Fulminant Prism       Conj/Hex       9%         3d7       26%         4
Your spell library was empty.

Inventory:

Armour
 a - a +0 robe (worn)
Scrolls
 b - a scroll of poison {unknown}
 c - a scroll of vulnerability {unknown}
 d - 2 scrolls of magic mapping {unknown}
 e - 2 scrolls of teleportation {unknown}
 l - a scroll of identify {unknown}
 m - a scroll of enchant armour {unknown}
 n - a scroll of noise {unknown}
 o - a scroll of enchant weapon {unknown}
Potions
 f - a potion of might {unknown}
 g - 2 potions of attraction {unknown}
 h - a potion of berserk rage {unknown}
 i - a potion of lignification {unknown}
 j - a potion of flight {unknown}
 k - a potion of brilliance {unknown}

Dungeon Overview and Level Annotations

Branches:
Dungeon (2/15)

Altars:

Annotations:
D:2 Crazy Yiuf

▒▒▒▒▒▒▒▒▒▒ ▒▒▒
▒......... ▒▒.▒▒
▒.▒▒▒▒▒▒▒▒ ▒▒...▒▒
▒▒▒▒▒▒▒▒▒▒ ▒▒.....▒
▒........ ▒▒......▒
♣♣♣♣♣▒▒.▒▒▒▒▒▒▒
▒.......▒ ▒▒▒
♣♣♣.♣.P.▒.▒▒▒▒▒▒▒
▒▒......▒
▒...▒♣..♣.P....▒▒.....
▒▒.....▒
▒...gR♣♣♣♣........▒▒▒▒
▒▒...▒▒ ▒)..▒♣♣
♣♣P.▒.▒▒▒▒ ▒▒.▒▒ ▒▒▒
♣♣▒▒.▒ ▒.▒ ▒.▒▒▒▒▒▒▒
▒.▒ ▒........ ▒.▒ ▒▒▒
▒▒▒▒▒▒▒▒▒ ▒.▒ ▒.▒▒ ▒.▒
▒..▒ ▒.▒ ▒▒.▒


You could see Crazy Yiuf.


Message History

You reach down and open the door.
Aiming: Searing Ray (safe; 4% risk of failure)
Aim: Crazy Yiuf, wielding a +4 quarterstaff of chaos and wearing a +0 cloak (81% to hit)
The searing ray hits Crazy Yiuf.
Crazy Yiuf is moderately wounded. (Press . to maintain the ray.) Crazy Yiuf laughs, "Snoogle aubergine sizzlefizz!"
The searing ray hits Crazy Yiuf.
Crazy Yiuf is heavily wounded.
Crazy Yiuf screams, "Gnoll pizzabubble Xom!"
Crazy Yiuf misses you.
The searing ray hits Crazy Yiuf.
Crazy Yiuf is severely wounded.
Crazy Yiuf hits you with a +4 quarterstaff of chaos!
Crazy Yiuf burns you.
The searing ray hits Crazy Yiuf but does no damage.
Crazy Yiuf is severely wounded.
You finish channelling your searing ray.
Crazy Yiuf hits you with a +4 quarterstaff of chaos!
* * * LOW HITPOINT WARNING * * *
You feel agile all of a sudden.
You don't know that spell.
Aiming: Searing Ray (safe; 4% risk of failure)
Aim: Crazy Yiuf, wielding a +4 quarterstaff of chaos and wearing a +0 cloak (severely wounded, 81% to hit)
You miscast Searing Ray.
You are very lightly contaminated with residual magic.
Nothing appears to happen.
* * * LOW HITPOINT WARNING * * *
Crazy Yiuf hits you with a +4 quarterstaff of chaos!
You die...

Action                   |  1- 3 |  4- 6 || total
-------------------------+-------+-------++-------
 Cast: Magic Dart        |    66 |       ||    66
       Searing Ray       |       |     1 ||     1
Dodge: Dodged            |     4 |     1 ||     5

Levels and vault maps discovered:
D:1:      sevenhm_arrival_forest_fort_small_3, layout_loops_corners,
          basic_ecumenical_altar
D:2:      layout_loops_ring, uniq_crazy_yiuf_cottage

Notes
Turn   | Place    | Note
-------+----------+-------------------------------------------
     0 | D:1      | sanka the Djinni Conjurer began the quest for the Orb.
     0 | D:1      | sanka set off with the following spells memorised: Magic
                  | Dart, Searing Ray, Dazzling Flash, Fulminant Prism,
                  | Iskenderun's Mystic Blast.
     0 | D:1      | Reached XP level 1. HP: 15/15 MP: 0/0
   402 | D:1      | Reached XP level 2. HP: 21/22 MP: 0/0
   506 | D:1      | Reached skill level 1 in Fighting
  1186 | D:1      | Reached XP level 3. HP: 26/27 MP: 0/0
  1186 | D:1      | Learned a level 1 spell: Slow
  1238 | D:1      | Found a faded altar of an unknown god.
  1893 | D:2      | Reached skill level 2 in Fighting
  2109 | D:2      | Reached XP level 4. HP: 29/33 MP: 0/0
  2362 | D:2      | Found a runed translucent door.
  2363 | D:2      | Noticed Crazy Yiuf
  2371 | D:2      | Mangled by Crazy Yiuf

Vanquished Creatures
  An adder (D:2)
  8 ball pythons
  3 endoplasms
  A giant cockroach (D:1)
  2 goblins (D:2)
  6 hobgoblins
  2 kobolds (D:1)
  2 quokkas (D:1)
  8 bats
  2 frilled lizards
  A rat (D:1)
36 creatures vanquished.
